 Dungeon Crawl Stone Soup version 0.19-a0-1697-g0595f0e (webtiles) character file.

163 Grim the Firebug (level 5, -1/28 HPs)
             Began as a Deep Elf Fire Elementalist on Sept 27, 2016.
             Succumbed to an orc's poison
             ... on level 2 of the Dungeon.
             The game lasted 00:09:30 (3918 turns).

Grim the Firebug (Deep Elf Fire Elementalist)       Turns: 3918, Time: 00:09:30

Health: -1/28      AC:  5    Str:  5    XL:     5   Next: 20%
Magic:  7/11       EV: 13    Int: 21    God:
Gold:   133        SH:  0    Dex: 15    Spells: 3 memorised, 4 levels left

rFire  . . .     SeeInvis .     j - +0 dagger (elec)
rCold  . . .     Gourm    .     i - +0 robe
rNeg   . . .     Faith    +     (no shield)
rPois  .         Spirit   .     (helmet restricted)
rElec  .         Dismiss  .     (no cloak)
rCorr  .         Reflect  .     e - +0 pair of gloves
MR     .....     Harm     .     p - +0 pair of boots
Stlth  ++........               n - amulet of faith
                                (no ring)
                                (no ring)

@: lethally poisoned (-1 -> -25), slowed, very slow
A: antennae 1
a: no special abilities


You were on level 2 of the Dungeon.
You were very hungry.

You visited 1 branch of the dungeon, and saw 3 of its levels.

You collected 133 gold pieces.

Inventory:

Hand Weapons
 j - a +0 dagger of electrocution (weapon)
Armour
 a - a +0 robe
 e - a +0 pair of gloves (worn)
 i - a +0 robe (worn)
 p - a +0 pair of boots (worn)
Jewellery
 n - an amulet of faith (around neck)
Wands
 l - a wand of random effects (18/48)
 o - a wand of iceblast (6/15)
Scrolls
 g - a scroll of teleportation
 m - 2 scrolls of enchant armour
Potions
 f - a potion of cancellation
Books
 b - a book of Flames

   Spells                             Type                      Level
   a - Flame Tongue                   Conjuration/Fire             1
   b - Throw Flame                    Conjuration/Fire             2
   c - Conjure Flame                  Conjuration/Fire             3
   d - Inner Flame                    Hexes/Fire                   3
   e - Sticky Flame                   Conjuration/Fire             4
   f - Fireball                       Conjuration/Fire             5
Comestibles
 c - a bread ration
 d - a beef jerky
 h - a meat ration
 k - 2 royal jellies


   Skills:
 - Level 2.4 Dodging
 - Level 2.4 Stealth
 - Level 3.0 Spellcasting
 + Level 3.2 Conjurations
 * Level 5.7 Fire Magic


You had 4 spell levels left.
You knew the following spells:

 Your Spells              Type           Power        Failure   Level  Hunger
a - Flame Tongue          Conj/Fire      ###..        1%          1    None
b - Throw Flame           Conj/Fire      ###...       3%          2    ##.....
c - Conjure Flame         Conj/Fire      ###.....     10%         3    ###....


Dungeon Overview and Level Annotations

Branches:
Dungeon (3/15)

Altars:


Innate Abilities, Weirdness & Mutations

You have a pair of small antennae on your head.


Message History

Press: ? - help, Shift-Dir - straight line, f - orc
Aim: an orc, wielding a dagger of venom (translocational energy)
The flame tongue misses the orc.
* * * LOW HITPOINT WARNING * * *
You feel sick.
The orc wizard gestures wildly while chanting.
The orc wizard blinks!
The orc hits you but does no damage.
You are more poisoned.
The orc hits you with a dagger of venom.
* * * LOW HITPOINT WARNING * * *
Casting: Flame Tongue
Confirm with . or Enter, or press ? or * to list all spells.
Aiming: Throw Flame
Press: ? - help, Shift-Dir - straight line, f - orc wizard, p - orc
Aim: an orc wizard, wielding a dagger and wearing a robe (severely wounded, fast)
The puff of flame hits the orc wizard.
You kill the orc wizard!
You have reached level 5!
You are feeling very hungry.
You die...

##.### #.##.#.......#
##'### #.##.#####.###
.....# #§##.......#
.....# #(##########
.....# #.# .....# #.#
.....# #)#
.....###########.#
...............o@#
.....#############
.†...# .....# #'####
########### #.#
#.........# #.#
#.........# #.#
#.........############
.♣#
#....................#


You could see an orc.

Vanquished Creatures
  3 orc wizards
  2 adders
  3 dart slugs
  A leopard gecko (D:3)
  7 orcs (D:3)
  3 ball pythons (D:3)
  A bat (D:2)
  6 giant cockroaches
  5 goblins
  7 hobgoblins
  A jackal (D:2)
  4 frilled lizards
  6 kobolds
  5 rats
54 creatures vanquished.

Notes
Turn   | Place    | Note
-------+----------+-------------------------------------------
     0 | D:1      | Grim the Deep Elf Fire Elementalist began the quest for the Orb.
     0 | D:1      | Reached XP level 1. HP: 10/10 MP: 6/6
   429 | D:1      | Reached XP level 2. HP: 15/15 MP: 4/8
   859 | D:1      | Learned a level 2 spell: Throw Flame
   973 | D:1      | Reached skill level 4 in Fire Magic
  1754 | D:2      | Reached XP level 3. HP: 19/19 MP: 4/9
  2620 | D:2      | Learned a level 3 spell: Conjure Flame
  3086 | D:3      | Gained mutation: You have a pair of small antennae on your head. [potion of beneficial mutation]
  3307 | D:3      | Reached XP level 4. HP: 24/24 MP: 2/10
  3372 | D:3      | Reached skill level 5 in Fire Magic
  3918 | D:2      | Reached XP level 5. HP: 2/28 MP: 7/11
  3918 | D:2      | Succumbed to an orc's poison

Vault maps used:
D:1:      lightli_arrival_statuegarden, minmay_misc_feat_nine_boxes
D:2:      first_bread, serial_forest, infiniplex_forest_straight_5,
          infiniplex_forest_corner_2, infiniplex_forest_lined_room_3,
          infiniplex_forest_corner_1, infiniplex_forest_straight_5,
          infiniplex_forest_lined_3_way, infiniplex_forest_end_1,
          infiniplex_forest_zigzag_1, infiniplex_forest_lined_2,
          infiniplex_forest_pool
D:3:      demons_altar, minmay_shallow_snake_nest

Skill      XL: |  1  2  3  4 |
---------------+-------------+-----
Fire Magic     | 4 5 |  5.7
Conjurations   | 2 3 |  3.2
Dodging        | |  2.4
Stealth        | |  2.4
Spellcasting   | |  3.0

Action                   |  1- 3 |  4- 6 || total
-------------------------+-------+-------++-------
Melee: Unarmed           |   360 |       ||   360
       Dagger            |       |     3 ||     3
 Cast: Flame Tongue      |    48 |    11 ||    59
       Throw Flame       |    26 |    14 ||    40
       Conjure Flame     |       |     1 ||     1
  Use: Scroll            |     6 |       ||     6
       Potion            |     1 |     1 ||     2
  Eat: Bread ration      |     2 |       ||     2
       Chunk             |     2 |       ||     2
Armor: Robe              |    11 |     2 ||    13
       Skin              |       |     3 ||     3
Dodge: Dodged            |    17 |     8 ||    25
